 Dungeon Crawl Stone Soup version 0.30-a0-760-g5a9884bb7c (webtiles) character file.

Game seed: 4586707405385918899

552 Lobster4 the Magician (level 7, -2/39 HPs)
             Began as a Deep Elf Earth Elementalist on Feb 10, 2023.
             Slain by an orc
             ... wielding a +0 club
              (4 damage)
             ... on level 5 of the Dungeon.
             The game lasted 00:08:45 (3698 turns).

Lobster4 the Magician (Deep Elf Earth Elementalist) Turns: 3698, Time: 00:08:46

Health: -2/39      AC:  3    Str: 11    XL:     7   Next: 8%
Magic:  12/15      EV: 14    Int: 22    God:
Gold:   163        SH:  0    Dex: 21    Spells: 11/15 levels left

rFire   . . .      SeeInvis .    b - +0 sling
rCold   . . .      Faith    .    (no shield)
rNeg    . . .      Spirit   .    g - +0 robe
rPois   .          Reflect  .    (no helmet)
rElec   .          Harm     .    f - +0 cloak
rCorr   .          Rampage  .    (no gloves)
Will    .....                    (no boots)
Stlth   +++                      (no amulet)
HPRegen 0.26/turn                p - +6 ring of dexterity
MPRegen 0.14/turn                A - +6 ring of strength

@: no status effects
A: no striking features
a: no special abilities


You were on level 5 of the Dungeon.
You visited 1 branch of the dungeon, and saw 5 of its levels.

You collected 163 gold pieces.

Inventory:

Hand Weapons
 a - a +0 short sword
 b - a +0 sling (weapon)
 n - a +2 mace of protection
 q - a +0 quarterstaff
 u - a +2 dagger of holy wrath
Missiles
 h - 2 silver boomerangs
 m - 10 poisoned darts
Armour
 f - a +0 cloak (worn)
 g - a +0 robe (worn)
 l - a +0 leather armour
Jewellery
 p - a +6 ring of dexterity (left hand)
 A - a +6 ring of strength (right hand)
Scrolls
 i - a scroll of immolation {unknown}
 j - 3 scrolls of teleportation {unknown}
 k - 3 scrolls of identify {unknown}
 t - a scroll of enchant armour {unknown}
 v - a scroll of butterflies {unknown}
 x - a scroll of blinking {unknown}
 y - 2 scrolls of acquirement {unknown}
 z - a scroll of brand weapon {unknown}
 C - 2 scrolls of fog {unknown}
Potions
 c - 4 potions of curing {unknown}
 d - 2 potions of flight {unknown}
 e - a potion of magic
 o - 3 potions of attraction {unknown}
 r - a potion of ambrosia {unknown}
 s - 4 potions of mutation {unknown}
 w - a potion of degeneration {unknown}
 B - 2 potions of haste {unknown}
 D - a potion of heal wounds


   Skills:
 + Level 1.9 Fighting
 - Level 3.0 Ranged Weapons
 - Level 2.0 Throwing
 + Level 1.6 Armour
 + Level 4.0 Dodging
 + Level 4.2 Stealth
 + Level 4.5 Spellcasting
 + Level 1.3 Conjurations
 - Level 1.1 Transmutations
 + Level 4.3 Earth Magic


You had 11 spell levels left.
You knew the following spells:

 Your Spells              Type           Power      Damage    Failure   Level
a - Sandblast             Erth           48%        2d12      1%          1
b - Stone Arrow           Conj/Erth      34%        3d9       10%         3

Your spell library contained the following spells:

 Spells                   Type           Power      Damage    Failure   Level
 Passwall                 Tmut/Erth      14%        N/A       5%          2
 Petrify                  Tmut/Erth      17%        N/A       34%         4


Dungeon Overview and Level Annotations

Branches:
Dungeon (5/15)
 Temple: D:4-7

Altars:
Cheibriados
Elyvilon


Message History

The blast of sand hits the orc wizard but does no damage.
An orc priest comes into view. It is wielding a +0 short sword.
Casting: Sandblast (safe; 1% risk of failure)
Confirm with . or Enter, or press ? or * to list all spells.
Aiming: Sandblast (safe; 1% risk of failure)
Press: ? - help, Shift-Dir - straight line, f/p - orc wizard
Aim: an orc wizard, wielding a +0 dagger and wearing a +0 robe (79% to hit)
The blast of sand hits the orc wizard!
The orc wizard is heavily wounded.
The orc priest shouts!
The orc wizard casts a spell at you. The puff of flame hits you.
Casting: Sandblast (safe; 1% risk of failure)
Confirm with . or Enter, or press ? or * to list all spells.
Aiming: Sandblast (safe; 1% risk of failure)
Press: ? - help, Shift-Dir - straight line, f/p - orc wizard
Aim: an orc wizard, wielding a +0 dagger and wearing a +0 robe (heavily wounded, 79% to hit)
The blast of sand hits the orc but does no damage.
The orc wizard casts a spell at you. The puff of flame hits you!
Casting: Sandblast (safe; 1% risk of failure)
Confirm with . or Enter, or press ? or * to list all spells.
Aiming: Sandblast (safe; 1% risk of failure)
Press: ? - help, Shift-Dir - straight line, f/p - orc wizard
Aim: an orc wizard, wielding a +0 dagger and wearing a +0 robe (heavily wounded, 79% to hit)
The blast of sand hits the orc wizard!
You kill the orc wizard!
The orc priest calls down the wrath of Beogh upon you.
Beogh smites you!
* * * LOW HITPOINT WARNING * * *
The orc wizard mumbles some strange words.
The orc wizard flickers and vanishes!
Deactivating autopickup; reactivate with Ctrl-A.
The orc closely misses you. The orc misses you.
Training target 3.0 for Ranged Weapons reached!
Your Ranged Weapons skill increases to level 3!
Something hits you.
* * * LOW HITPOINT WARNING * * *
The orc hits you with a +0 club.
You die...

#.#. #.# #.# # #.
#.# #.# #.
###.###.###### #.
.............##
###.###.#.....###
#.#.......#
#.#.....#.#
#.#.{..##
#..@o.##
#..#o.)....
##.?.......
##.#....... #.
.###.#. #. .# .#
#. .# .


You could see an orc priest and an orc.

Vanquished Creatures
  A necrophage (D:5)
  2 scorpions
  A howler monkey (D:4)
  A hound (D:4)
  2 orc priests (D:4)
  Natasha (thrice) (D:2)
  An orc wizard (D:5)
  3 gnolls (D:4)
  4 adders
  2 dart slugs (D:1)
  4 orcs
  7 ball pythons
  7 endoplasms
  4 giant cockroaches
  5 goblins
  4 hobgoblins
  4 jackals (D:1)
  3 quokkas
  4 bats
  2 frilled lizards
  8 kobolds
  5 rats
77 creatures vanquished.

Vanquished Creatures (others)
  A hobgoblin (D:3)
1 creature vanquished.

Grand Total: 78 creatures vanquished

Notes
Turn   | Place    | Note
-------+----------+-------------------------------------------
     0 | D:1      | Lobster4 the Deep Elf Earth Elementalist began the quest
                  | for the Orb.
     0 | D:1      | Reached XP level 1. HP: 10/10 MP: 6/6
   143 | D:1      | Reached XP level 2. HP: 5/15 MP: 2/8
   483 | D:1      | Found a faded altar of an unknown god.
   497 | D:1      | Reached skill level 1 in Ranged Weapons
   747 | D:1      | Reached XP level 3. HP: 20/20 MP: 7/9
  1330 | D:2      | Noticed Natasha
  1339 | D:2      | Killed Natasha
  1340 | D:2      | Reached skill level 1 in Fighting
  1340 | D:2      | Reached skill level 1 in Throwing
  1340 | D:2      | Reached XP level 4. HP: 23/25 MP: 6/11
  1706 | D:2      | Noticed Natasha
  1711 | D:2      | Killed Natasha
  1947 | D:2      | Noticed Natasha
  1957 | D:2      | Killed Natasha
  1958 | D:2      | Reached XP level 5. HP: 24/29 MP: 8/12
  2153 | D:3      | Found a white marble altar of Elyvilon.
  2541 | D:4      | Reached skill level 1 in Armour
  2641 | D:4      | Learned a level 3 spell: Stone Arrow
  2700 | D:4      | Reached XP level 6. HP: 21/34 MP: 7/14
  3459 | D:4      | Found a snail-covered altar of Cheibriados.
  3510 | D:5      | Entered Level 5 of the Dungeon
  3513 | D:5      | Reached skill level 1 in Conjurations
  3631 | D:5      | Reached XP level 7. HP: 26/39 MP: 9/15
  3698 | D:5      | HP: 1/39 [something (4)]
  3698 | D:5      | Slain by an orc

Illustrated notes

Levels and vault maps discovered:
D:1:      psy_arrival_spokes, layout_basic, hellmonk_ecumenical_altar_dog_temple
D:2:      layout_basic, nicolae_elevator_lobby_asterisk, uniq_natasha,
          uniq_crazy_yiuf_cottage
D:3:      layout_rooms, elyvilon_altar_4, nicolae_kite_square_tiling_tiny
D:4:      layout_loops_ring, nicolae_overflow_hidden_temple
D:5:      layout_loops_ring

Skill      XL: |  1  2  3  4  5  6  7 |
---------------+----------------------+-----
Ranged Weapons | 1 2 3 |  3.0
Dodging        | 3 4 |  4.0
Fighting       | 1 |  1.9
Throwing       | 1 2 |  2.0
Stealth        | 3 4 |  4.2
Armour         | 1 |  1.6
Earth Magic    | 4 |  4.3
Spellcasting   | 4 |  4.5
Conjurations   | 1 |  1.3
Transmutations | |  1.1

Action                     |  1- 3 |  4- 6 |  7- 9 || total
---------------------------+-------+-------+-------++-------
  Throw: Dart              |     6 |     5 |       ||    11
   Cast: Sandblast         |    46 |    66 |     4 ||   116
 Armour: Robe              |       |     2 |       ||     2
  Dodge: Dodged            |    20 |    18 |     2 ||    40

Table legend: (Time is in decaauts)
 A = Elapsed time spent in this place.
 B = Non-inter-level travel time spent in this place.
 C = Inter-level travel time spent in this place.
 D = Time resting spent in this place.
 E = Time spent auto-exploring this place.
 F = Levels seen in this place.
 G = Mean time per level.
                   A        B        C        D        E       F      G
               +--------+--------+--------+--------+--------+-----+--------+
         Total |   3761 |   3603 |    158 |    168 |   2869 |   5 |  752.2 |
       Dungeon |   3761 |   3603 |    158 |    168 |   2869 |   5 |  752.2 |
               +--------+--------+--------+--------+--------+-----+--------+

Top non-repeatable levels by time:
     D:4: 1082 daAuts
     D:2: 1048 daAuts
     D:1: 972 daAuts
     D:3: 535 daAuts
     D:5: 123 daAuts
